 Dungeon Crawl Stone Soup version 0.27-a0-1188-g73eefd5def (webtiles) character file.

Game seed: 11676766816537705719

2085 Froggeryz the Cleaver (level 9, -5/108 HPs)
             Began as a Black Draconian Gladiator on May 21, 2021.
             Was an Initiate of Ru.
             Slain by an orc warrior
             ... wielding a +0 mace
              (6 damage)
             ... on level 6 of the Dungeon.
             The game lasted 00:10:14 (6849 turns).

Froggeryz the Cleaver (Black Draconian Gladiator)   Turns: 6849, Time: 00:10:15

Health: -5/108     AC: 11    Str: 26    XL:     9   Next: 6%
Magic:  0/9        EV: 12    Int:  9    God:    Ru [......]
Gold:   418        SH:  5    Dex: 12    Spells: 8/8 levels left

rFire    . . .     SeeInvis .   a - +0 war axe
rCold    . . .     Faith    .   i - +0 buckler
rNeg     + . .     Spirit   +   (armour unavailable)
rPois    +         Reflect  .   k - +2 hat of the Bear Spirit {Spirit, +Rage rN+ Will++}
rElec    +         Harm     .   n - scarf {+Inv}
rCorr    .         Rampage  .   r - +0 pair of gloves
Will     ++...                  t - +0 pair of boots
Stlth    ..........             (no amulet)
HPRegen  0.28/turn              G - ring of poison resistance
MPRegen  0.11/turn              E - +6 ring of strength

@: berserking, very quick
A: breathe lightning, AC +7, unfitting armour, electricity resistance,
cold-blooded
a: Breathe Lightning, Renounce Religion, Evoke Berserk Rage, Evoke Invisibility


You were on level 6 of the Dungeon.
You worshipped Ru.
Ru was noncommittal.
You visited 2 branches of the dungeon, and saw 8 of its levels.
You also visited: Ossuary.

You collected 418 gold pieces.

Inventory:

Hand Weapons
 a - a +0 war axe (weapon)
Missiles
 c - 3 throwing nets (quivered)
 u - 7 javelins
Armour
 i - a +0 buckler (worn)
 k - the +2 hat of the Bear Spirit (worn) {Spirit, +Rage rN+ Will++}
   (You acquired it on level 7 of the Dungeon)

   It protects you from negative energy.
   It lets you go berserk.
   It greatly increases your willpower.
 n - a scarf of invisibility (worn)
 r - a +0 pair of gloves (worn)
 t - a +0 pair of boots (worn)
Jewellery
 g - an amulet of faith
 l - a ring of see invisible
 E - a +6 ring of strength (right hand)
 G - a ring of poison resistance (left hand)
Scrolls
 f - 3 scrolls of noise {unknown}
 j - a scroll of blinking {unknown}
 m - a scroll of fog {unknown}
 w - 2 scrolls of enchant weapon {unknown}
 y - 4 scrolls of teleportation {unknown}
 B - a scroll of enchant armour {unknown}
 C - 3 scrolls of magic mapping {unknown}
 F - a scroll of vulnerability {unknown}
Potions
 e - a potion of ambrosia {unknown}
 h - 2 potions of mutation {unknown}
 o - a potion of brilliance {unknown}
 s - 3 potions of berserk rage
 v - a potion of cancellation {unknown}
 x - 3 potions of lignification
 z - a potion of invisibility {unknown}
 A - 2 potions of heal wounds {unknown}
 D - a potion of resistance {unknown}


   Skills:
 + Level 4.5 Fighting
 * Level 10.3 Axes
 - Level 1.7 Throwing
 - Level 2.6 Dodging
 - Level 5.2 Shields


You had 8 spell levels left.
You didn't know any spells.
Your spell library contained the following spells:

 Spells                   Type           Power      Damage    Failure   Level
 Shock                    Conj/Air       0%         1d3       38%         1
 Sting                    Tmut/Pois      0%         1d3       38%         1
 Summon Small Mammal      Summ           0%         N/A       38%         1
 Call Imp                 Summ           0%         N/A       52%         2
 Poisonous Vapours        Pois/Air       0%         N/A       52%         2
 Static Discharge         Conj/Air       0%         N/A       52%         2
 Call Canine Familiar     Summ           0%         N/A       77%         3
 Ignite Poison            Fire/Tmut/Pois 0%         N/A       77%         3
 Mephitic Cloud           Conj/Pois/Air  0%         N/A       77%         3
 Summon Guardian Golem    Hex/Summ       0%         N/A       77%         3
 Swiftness                Air            0%         N/A       77%         3
 Airstrike                Air            0%         N/A       99%         4
 Olgreb's Toxic Radiance  Pois           0%         N/A       99%         4
 Summon Ice Beast         Ice/Summ       0%         N/A       99%         4
 Summon Lightning Spire   Summ/Air       0%         N/A       99%         4
 Lightning Bolt           Conj/Air       0%         1d11      100%        5


Dungeon Overview and Level Annotations

Branches:
Dungeon (7/15)             Temple (1/1) D:6         Ossuary (visited)

Altars:
Ashenzari
Cheibriados
Dithmenos
Elyvilon
Fedhas
Gozag
Hepliaklqana
Kikubaaqudgha
Makhleb
Nemelex Xobeh
Okawaru
Qazlal
Ru
Sif Muna
Trog
Uskayaw
Vehumet
Wu Jian
Zin
The Shining One


Innate Abilities, Weirdness & Mutations

You can breathe wild blasts of lightning.
Your glossy black scales are hard. (AC +7)
You cannot fit into any form of body armour.
You are resistant to electric shocks. (rElec)
You are cold-blooded and may be slowed by cold attacks.


Message History

You barely miss the orc warrior.
Your tail-slap misses the orc warrior.
The orc warrior is severely wounded.
The orc hits you but does no damage.
You closely miss the orc warrior.
The orc warrior is severely wounded.
The orc warrior hits you with a +0 mace!
* * * LOW HITPOINT WARNING * * *
The orc closely misses you.
You hit the orc warrior but do no damage.
The orc warrior is severely wounded.
You block the orc warrior's attack.
The orc hits you from afar with a +0 trident.
* * * LOW HITPOINT WARNING * * *
You fail to use your ability.
The orc warrior completely misses you. The orc hits you but does no damage.
You fail to use your ability.
You have got your breath back.
The orc warrior misses you.
The orc hits you from afar with a +0 trident.
* * * LOW HITPOINT WARNING * * *
You completely miss the orc warrior.
The orc warrior is severely wounded.
The orc warrior hits you with a +0 mace!
* * * LOW HITPOINT WARNING * * *
The orc barely misses you.
You feel better.
The orc warrior hits you with a +0 mace!
* * * LOW HITPOINT WARNING * * *
The orc misses you.
You fail to use your ability.
The orc warrior hits you but does no damage.
The orc hits you from afar with a +0 trident.
* * * LOW HITPOINT WARNING * * *
A red film seems to cover your vision as you go berserk!
You feel yourself moving faster!
You feel mighty! You block the orc warrior's attack.
The orc hits you but does no damage.
You barely miss the orc warrior.
The orc warrior is severely wounded.
The orc warrior hits you with a +0 mace.
You die...

#.)# #..........# # ....
#..........# # ...
##.#.........# # ..#
#.......#.##.# # ..
.#..####.#..# .. #
####.##.#..####.##.# ## #
........#.......##.# ###
#.###...[#####.# #..
#..###...#.o@..# ### #.#
##.###...#o#♣♣.♣♣
.....###.) #..##.....♣♣♣≈P♣
........## ##.##..###♣♣P.P♣
........## #.##..# ♣≈≈♣♣
........## #..#..♣♣♣♣♣♣.P♣
♣♣.....###
##.#..≈PPP≈≈.≈♣♣♣♣≈####.###
#.#....≈≈≈≈≈≈≈.≈≈.........
#...#≈P♣♣P≈≈≈♣♣≈≈P........


You could see an orc warrior and an orc.

Vanquished Creatures
  An ice beast (D:6)
  A necrophage (D:6)
  2 black bears
  2 ogres
  A phantom (D:5)
  A water moccasin zombie (Ossuary)
  A scorpion (D:6)
  2 water moccasin skeletons
  3 killer bees (D:6)
  4 bullfrog zombies (Ossuary)
  2 centaur zombies (Ossuary)
  4 hounds
  An orc priest (D:6)
  2 centaur skeletons
  2 killer bee zombies (Ossuary)
  A hound zombie (D:5)
  23 mummies
  2 howler monkey zombies
  Robin (D:2)
  9 adders
  3 white imps
  3 ufetubi
  6 dart slugs
  11 orcs
  5 endoplasms
  5 giant cockroaches
  9 hobgoblins
  4 jackals (D:2)
  5 kobolds
  4 quokkas
  4 ball pythons (D:1)
  4 bats
  6 frilled lizards
  16 goblins
  5 rats
155 creatures vanquished.

Vanquished Creatures (others)
  3 withered plants (Ossuary)
3 creatures vanquished.

Grand Total: 158 creatures vanquished

Notes
Turn   | Place    | Note
-------+----------+-------------------------------------------
     0 | D:1      | Froggeryz the Draconian Gladiator began the quest for the
                  | Orb.
     0 | D:1      | Reached XP level 1. HP: 17/17 MP: 1/1
   162 | D:1      | Found a faded altar of an unknown god.
   271 | D:1      | Reached XP level 2. HP: 22/24 MP: 2/2
   504 | D:1      | Reached skill level 4 in Axes
   716 | D:1      | Reached XP level 3. HP: 29/29 MP: 3/3
  1459 | D:2      | Noticed Robin
  1935 | D:2      | Killed Robin
  1936 | D:2      | Reached skill level 1 in Shields
  1936 | D:2      | Reached XP level 4. HP: 33/36 MP: 4/4
  2209 | D:3      | Reached skill level 5 in Axes
  2368 | D:3      | Found a blossoming altar of Fedhas.
  2642 | D:3      | Found a hide-covered altar of Uskayaw.
  2953 | D:4      | Reached XP level 5. HP: 39/41 MP: 5/5
  3460 | D:4      | Reached skill level 6 in Axes
  3563 | D:4      | Identified the +1 helmet of Limitation {Rampage Int+4
                  | Dex+2}
  3571 | D:4      | Identified the +4 ring mail "Onnaurroon" {rPois}
  3609 | D:4      | Reached XP level 6. HP: 27/48 MP: 6/6
  4221 | D:5      | Entered Level 5 of the Dungeon
  4374 | D:5      | Found an opulent altar of Gozag.
  4430 | D:5      | Reached skill level 7 in Axes
  4430 | D:5      | Your scales start taking on a glossy black colour.
  4430 | D:5      | Reached XP level 7. HP: 20/55 MP: 7/7
  4430 | D:5      | Gained mutation: You are resistant to electric shocks.
                  | (rElec) [Black Draconian growth]
  4663 | D:5      | Found a sand-covered staircase.
  4671 | Ossuary  | Entered an ossuary
  4745 | Ossuary  | Reached skill level 8 in Axes
  4888 | Ossuary  | Reached XP level 8. HP: 24/61 MP: 8/8
  5038 | Ossuary  | Reached skill level 5 in Shields
  5276 | Ossuary  | Reached skill level 9 in Axes
  5874 | D:5      | Found an ornate altar of the Wu Jian Council.
  5931 | D:5      | Found a radiant altar of Vehumet.
  5981 | D:5      | Found a sparkling altar of Nemelex Xobeh.
  6277 | D:6      | Reached skill level 10 in Axes
  6282 | D:6      | HP: 1/66 [ice beast (14)]
  6524 | D:7      | Identified a scroll of acquirement
  6529 | D:7      | Acquired the +2 hat of the Bear Spirit {Spirit, +Rage rN+
                  | Will++}
  6530 | D:7      | Found the +2 hat of the Bear Spirit {Spirit, +Rage rN+
                  | Will++}
  6547 | D:6      | Reached XP level 9. HP: 69/72 MP: 4/9
  6653 | D:6      | Found a staircase to the Ecumenical Temple.
  6669 | Temple   | Entered the Ecumenical Temple
  6760 | Temple   | Became a worshipper of Ru the Awakened
  6847 | D:6      | HP: 1/72 [orc/+0 trident (5)]
  6849 | D:6      | Slain by an orc warrior

Illustrated notes

Levels and vault maps discovered:
D:1:      amcnicky_arrival_double_pillar, layout_basic,
          hellmonk_ecumenical_altar_leap_of_faith, minivault_5,
          minmay_misc_feat_encased
D:2:      layout_basic, uniq_robin
D:3:      layout_basic, lemuel_coloured_pillars_altar, lemuel_tele_altar,
          kennysheep_small_spiral
D:4:      layout_rooms
D:5:      layout_rooms, nzn_wu_jian_contemplation, nicolae_gozag_seed_capital,
          nicolae_overflow_crystal_walls, kennysheep_mini,
          gup_ossuary_entry_pyramid
D:6:      layout_basic, minmay_temple_entry_statues_pillars,
          minmay_misc_feat_tiny, serial_bayou_crossing
D:7:      layout_rooms, dk_yredelemnul_ordeal, uniq_duvessa, uniq_menkaure
Temple:   zaba_magenta_temple

Skill      XL: |  1  2  3  4  5  6  7  8 |
---------------+-------------------------+-----
Axes           | 4 5 6 7 8 10 | 10.3
Shields        | 1 2 3 4 5 |  5.2
Fighting       | 4 |  4.5
Throwing       | |  1.7
Dodging        | |  2.6

Action                   |  1- 3 |  4- 6 |  7- 9 || total
-------------------------+-------+-------+-------++-------
Melee: War axe           |    44 |    71 |   283 ||   398
       Tailslap          |    12 |    18 |    50 ||    80
       Dagger            |    71 |   101 |       ||   172
Throw: Javelin           |       |     2 |       ||     2
       Throwing net      |       |     1 |       ||     1
 Abil: Evoke Berserk Rag |       |       |     2 ||     2
       Breathe Lightning |       |       |     1 ||     1
  Use: Potion            |     1 |       |     6 ||     7
       Scroll            |       |       |     5 ||     5
 Stab: Sleeping          |     1 |     1 |       ||     2
       Distracted        |       |       |     1 ||     1
Armor: Skin              |    46 |    60 |    90 ||   196
Dodge: Dodged            |    89 |   136 |   152 ||   377
Block: Buckler           |       |    16 |    62 ||    78

Table legend: (Time is in decaauts)
 A = Elapsed time spent in this place.
 B = Non-inter-level travel time spent in this place.
 C = Inter-level travel time spent in this place.
 D = Time resting spent in this place.
 E = Time spent auto-exploring this place.
 F = Levels seen in this place.
 G = Mean time per level.
                   A        B        C        D        E       F      G
               +--------+--------+--------+--------+--------+-----+--------+
         Total |   6939 |   6743 |    196 |   1879 |   3499 |   9 |  771.0 |
       Dungeon |   5799 |   5653 |    146 |   1386 |   3232 |   7 |  828.4 |
        Temple |    108 |     58 |     50 |      0 |     56 |   1 |  108.0 |
       Ossuary |   1030 |   1030 |      0 |    493 |    210 |   1 | 1030.0 |
               +--------+--------+--------+--------+--------+-----+--------+

Top non-repeatable levels by time:
     D:1: 1440 daAuts
     D:3: 1124 daAuts
 Ossuary: 1030 daAuts
     D:4: 960 daAuts
     D:5: 812 daAuts
     D:2: 725 daAuts
     D:6: 543 daAuts
     D:7: 193 daAuts
  Temple: 108 daAuts
